 Dungeon Crawl Stone Soup version 0.17-a0-1435-geafbe2f (webtiles) character file.

78 pulse the Chopper (level 4, -9/35 HPs)
             Began as a Formicid Fighter on June 26, 2015.
             Mangled by an ogre
             ... wielding a +0 giant club
              (14 damage)
             ... on level 3 of the Dungeon.
             The game lasted 00:03:54 (2172 turns).

pulse the Chopper (Formicid Fighter)                Turns: 2172, Time: 00:03:55

Health: -9/35      AC:  7    Str: 22    XL:     4   Next: 61%
Magic:  4/4        EV:  8    Int:  7    God:
Gold:   93         SH:  9    Dex: 10    Spells: 0 memorised, 3 levels left

rFire  + . .     SeeInvis +     a - +0 war axe
rCold  x . .     Clarity  .     b - +1 scale mail
rNeg   . . .     SustAt   .     c - +0 shield
rPois  .         Gourm    .     (helmet unavailable)
rElec  .         Spirit   .     (no cloak)
rCorr  .         Warding  .     (no gloves)
rMut   .         Stasis   +     (no boots)
MR     .....                    (no amulet)
Stlth  ..........               (no ring)
                                m - ring of fire

@: not resistant to hostile enchantments, extremely unstealthy
A: permanent stasis, dig shafts and tunnels, four strong arms, antennae 3
a: Dig, Shaft Self


You were on level 3 of the Dungeon.
You were not hungry.

You visited 1 branch of the dungeon, and saw 3 of its levels.

You collected 93 gold pieces.

Inventory:

Hand weapons
 a - a +0 war axe (weapon)
Armour
 b - a +1 scale mail (worn)
 c - a +0 shield (worn)
Jewellery
 m - a ring of fire (left hand)
Scrolls
 f - 2 scrolls of enchant weapon {unknown}
 h - a scroll of fear {unknown}
 i - 3 scrolls of identify {unknown}
 j - a scroll of random uselessness {unknown}
 k - a scroll of remove curse {unknown}
 n - a scroll of teleportation
 o - a scroll of recharging
 p - a scroll of enchant armour
Potions
 d - a potion of might
Comestibles
 e - 3 bread rations
 g - a fruit
 l - a chunk of flesh


   Skills:
 - Level 3.3 Fighting
 * Level 4.4 Axes
 - Level 3.3 Armour
 - Level 3.6 Shields


You had 3 spell levels left.
You didn't know any spells.

Dungeon Overview and Level Annotations

Branches:
Dungeon (3/15)

Altars:

Annotations:
D:3 Grinder


Innate Abilities, Weirdness & Mutations

You are under a permanent stasis effect.
You can dig through walls and to a lower floor.
Your four strong arms can wield two-handed weapons with a shield.
You have a pair of large antennae on your head (SInv).


Message History

Your stasis keeps you stable.
The ogre hits you with a giant club!
* * * LOW HITPOINT WARNING * * *
An adder skeleton comes into view.
You are too injured to fight recklessly!
You are too injured to fight recklessly!
You are too injured to fight recklessly!
You are too injured to fight recklessly!
You are too injured to fight recklessly!
As you read the scroll labeled NAOSIPHOSO, it crumbles to dust.
It is a scroll of enchant armour.
Enchant which item? (? for menu, Esc to quit)
Your +0 scale mail glows green for a moment.
You block the ogre's attack.
As you read the scroll labeled JOCZIR BEHI, it crumbles to dust.
It is a scroll of recharging.
You aren't carrying any rechargeable items.
As you read the scroll labeled VIJ WIVEGRYOKH, it crumbles to dust.
You feel a strange sense of stasis.
It was a scroll of teleportation.
The ogre hits you with a giant club!
You die...

.......>######..........
######(.................
#.....§§§..........
#....§.§§§.........
#.....§§§§.5.......
.......§§§§§§?.......(
#.###...§§§.§.§........
#..................
#..[.......@.......
###.......O.(#.....
#.......##.##....
........ .. ##.#
#....Z.. .). . .)....
.... ..... <.... ....
......


You could see Grinder, an ogre and an adder skeleton.

Vanquished Creatures
  A worker ant zombie (D:3)
  3 adders (D:2)
  5 bats
  6 goblins
  7 hobgoblins (D:1)
  7 kobolds
  2 ball pythons
  A giant cockroach (D:1)
  2 giant newts (D:2)
  4 rats
38 creatures vanquished.

Notes
Turn   | Place    | Note
--------------------------------------------------------------
     0 | D:1      | pulse the Formicid Fighter began the quest for the Orb.
     0 | D:1      | Reached XP level 1. HP: 18/18 MP: 1/1
   322 | D:1      | Reached XP level 2. HP: 18/24 MP: 2/2
   877 | D:1      | Reached XP level 3. HP: 29/29 MP: 3/3
  1713 | D:2      | Reached XP level 4. HP: 25/35 MP: 4/4
  1861 | D:2      | Reached skill level 4 in Axes
  2162 | D:3      | Noticed Grinder
  2165 | D:3      | Noticed an ogre
  2172 | D:3      | Mangled by an ogre

Vault maps used:
D:1:      onia_arrival_mini_maze, minmay_misc_feat_cross
D:2:      minmay_liquid_box
D:3:      serial_undead, serial_undead_a, serial_undead_b, serial_undead_d,
          serial_undead_b, uniq_grinder

Action                   |  1- 3 |  4- 6 || total
-------------------------+-------+-------++-------
Melee: War axe           |   135 |    29 ||   164
  Use: Potion            |     2 |       ||     2
       Scroll            |       |     3 ||     3
  Eat: Chunk             |     2 |     2 ||     4
